 Dungeon Crawl Stone Soup version 0.17-a0-1139-g49cbdf8 (webtiles) character file.

126 Chiseanne the Sneak (level 4, 0/37 HPs)
             Began as a Draconian Wanderer on May 26, 2015.
             Was an Initiate of Gozag.
             Slain by an orc wizard
             ... wielding a +0 dagger
              (1 damage)
             ... on level 3 of the Dungeon.
             The game lasted 00:07:24 (3093 turns).

Chiseanne the Sneak (Draconian Wanderer)            Turns: 3093, Time: 00:07:24

Health: 0/37       AC:  7    Str: 14    XL:     4   Next: 83%
Magic:  4/4        EV: 12    Int: 12    God:    Gozag
Gold:   379        SH:  0    Dex: 12    Spells: 0 memorised, 3 levels left

rFire  + . .     SeeInvis .     a - +1 short sword (elec)
rCold  . . .     Clarity  .     (armour unavailable)
rNeg   . . .     SustAt   .     (no shield)
rPois  .         Gourm    .     (helmet restricted)
rElec  .         Spirit   .     c - +1 cloak
rCorr  .         Warding  .     (no gloves)
rMut   .         Stasis   .     (no boots)
MR     .....                    (no amulet)
Stlth  ++........               (no ring)
                                q - ring of protection from fire

@: about to teleport, hasted, very quick, not resistant to hostile enchantments,
unstealthy
A: unfitting armour, cold-blooded, AC +5
a: Potion Petition, Call Merchant, Bribe Branch, Renounce Religion


You were on level 3 of the Dungeon.
You worshipped Gozag.
Gozag was noncommittal.
You were not hungry.

You visited 1 branch of the dungeon, and saw 3 of its levels.

You collected 412 gold pieces.
You paid 33 gold pieces to Gozag.

Inventory:

Hand weapons
 a - a +1 short sword of electrocution (weapon)
Missiles
 h - 27 bolts
 i - 8 tomahawks (quivered)
 m - 8 javelins
 p - 15 sling bullets
Armour
 c - a +1 cloak (worn)
Jewellery
 j - an uncursed ring of fire
 q - a ring of protection from fire (left hand)
Scrolls
 g - a scroll of identify
 o - a scroll of magic mapping
Potions
 e - 3 potions of resistance
 k - a potion of curing {unknown}
 l - a potion of cure mutation {unknown}
 r - a potion of flight {unknown}
Comestibles
 d - a bread ration
 s - 3 fruits


   Skills:
 * Level 2.9 Fighting
 * Level 1.2 Short Blades
 * Level 2.1 Dodging
 * Level 4.3 Stealth
   Level 1.0 Charms
   Level 2.0 Translocations
   Level 1.0 Evocations


You had 3 spell levels left.
You didn't know any spells.

Dungeon Overview and Level Annotations

Branches:
Dungeon (3/15)

Altars:
Gozag
Nemelex Xobeh
Yredelemnul

Annotations:
D:2 exclusion: door


Innate Abilities, Weirdness & Mutations

Your plain brown scales are hard (AC +5).
Your body does not fit into most forms of armour.
You are cold-blooded and may be slowed by cold attacks.


Message History

Read which item? (? for menu, Esc to quit)
As you read the scroll of teleportation, it crumbles to dust.
You feel strangely unstable.
The orc wizard is no longer distracted by gold.
The orc wizard hits you but does no damage.
The orc hits you but does no damage. The orc misses you.
Something barely misses you.
You barely miss the orc wizard.
Your tail-slap misses the orc wizard.
The orc wizard is severely wounded.
The orc wizard hits you but does no damage.
The orc hits you but does no damage. The orc closely misses you.
The orc wizard gestures at you while chanting.
The magic dart hits you!
* * * LOW HITPOINT WARNING * * *
Something hits you but does no damage.
Drink which item? (? for menu, Esc to quit)
You feel yourself speed up. The orc wizard closely misses you.
The orc barely misses you. Something hits you.
You die...
Your body crumbles into a pile of gold.

### ..# #.#
# ###o#.###
#.{@o...#
#.##o##.#
#.##.#
#.#..# $
#.#.##
#.#.###.#
#######
#.......#
##.....##
###.#####
...###..####
#.#


You could see an orc wizard and 2 orcs.

Vanquished Creatures
  A giant frog skeleton (D:3)
  2 adders
  An ooze (D:2)
  A worm (D:2)
  A giant gecko (D:1)
  4 orcs (D:3)
  3 giant cockroaches
  8 hobgoblins
  8 jackals
  3 kobolds
  12 bats
  2 giant newts
  12 goblins
  A quokka (D:3)
  9 rats
68 creatures vanquished.

Notes
Turn   | Place    | Note
--------------------------------------------------------------
     0 | D:1      | Chiseanne the Draconian Wanderer began the quest for the Orb.
     0 | D:1      | Chiseanne set off with: a +2 dagger, a potion of heal wounds, a +0 short sword, a bread ration
     0 | D:1      | Reached XP level 1. HP: 17/17 MP: 1/1
   214 | D:1      | Reached skill level 3 in Stealth
   405 | D:1      | Reached XP level 2. HP: 19/24 MP: 2/2
  1356 | D:2      | Reached XP level 3. HP: 22/30 MP: 3/3
  1505 | D:2      | Found an opulent altar of Gozag.
  1516 | D:2      | Became a worshipper of Gozag Ym Sagoz the Greedy
  1729 | D:2      | Reached skill level 1 in Dodging
  2161 | D:2      | Found a basalt altar of Yredelemnul.
  2508 | D:3      | Reached skill level 4 in Stealth
  2508 | D:3      | Reached XP level 4. HP: 33/37 MP: 4/4
  3030 | D:3      | Found a sparkling altar of Nemelex Xobeh.
  3092 | D:3      | HP: 1/37 [orc wizard/magic dart (9)]
  3093 | D:3      | Slain by an orc wizard

Vault maps used:
D:1:      saegor_arrival_simple_d
D:2:      old_standard_altar, yredelemnul_forgotten_temple_becter,
          kennysheep_generic_room_8
D:3:      kennysheep_the_goblin_king, nemelex_spade_bored_becter

Action                   |  1- 3 |  4- 6 || total
-------------------------+-------+-------++-------
Melee: Dagger            |    66 |       ||    66
       Unarmed           |     4 |       ||     4
       Short sword       |    61 |    70 ||   131
  Use: Scroll            |     9 |     3 ||    12
       Potion            |       |     2 ||     2
 Stab: Sleeping          |     9 |     3 ||    12
       Distracted        |       |     1 ||     1
  Eat: Chunk             |     2 |       ||     2
       Beef jerky        |     2 |       ||     2
       Bread ration      |       |     1 ||     1
